 Dungeon Crawl Stone Soup version 0.30.0-15-g856e2d3f33 (webtiles) character file.

Game seed: 10963517580251270229

1 browni3141 the Caller (level 1, -2/13 HPs)
             Began as a Mummy Summoner on May 19, 2023.
             Slain by an adder (4 damage)
             ... on level 2 of the Dungeon.
             The game lasted 00:00:51 (79 turns).

browni3141 the Caller (Mummy Summoner)                Turns: 79, Time: 00:00:52

Health: -2/13      AC:  2    Str: 11    XL:     1   Next: 16%
Magic:  0/4        EV: 12    Int: 14    God:
Gold:   0          SH:  0    Dex: 12    Spells: 4/5 levels left

rFire   x . .        b - +0 dagger
rCold   + . .        (no shield)
rNeg    + + +        a - +0 robe
rPois   ∞            (no helmet)
rElec   .            (no cloak)
rCorr   .            (no gloves)
SInv    .            (no boots)
Will    .....        (no amulet)
Stlth   ++           (no ring)
HPRegen 0.22/turn    (no ring)
MPRegen 0.09/turn

%: faith
@: no status effects
A: cold resistance 1, negative energy resistance 3, torment resistance 2, heat
vulnerability 1, no potions, faith
a: no special abilities


You were on level 2 of the Dungeon.
You visited 1 branch of the dungeon, and saw 2 of its levels.

Inventory:

Hand Weapons
 b - a +0 dagger (weapon)
Armour
 a - a +0 robe (worn)


   Skills:
 + Level 1.6 Dodging
 + Level 1.6 Stealth
 + Level 2.7 Spellcasting
 + Level 3.2 Summonings


You had 4 spell levels left.
You knew the following spells:

 Your Spells              Type           Power      Damage    Failure   Level
z - Summon Small Mammal   Summ           44%        N/A       6%          1

Your spell library contained the following spells:

 Spells                   Type           Power      Damage    Failure   Level
 Call Imp                 Summ           22%        N/A       9%          2
 Call Canine Familiar     Summ           11%        N/A       17%         3
 Summon Guardian Golem    Hex/Summ       6%         N/A       34%         3
 Summon Lightning Spire   Summ/Air       6%         N/A       75%         4


Dungeon Overview and Level Annotations

Branches:
Dungeon (2/15)

Altars:


Innate Abilities, Weirdness & Mutations

You are immune to poison.
Your flesh is cold resistant. (rC+)
You are immune to negative energy. (rN+++)
You are immune to unholy pain and torment.
You are vulnerable to heat. (rF-)
You do not drink.
You have a special connection with the divine. (Faith)


Message History

There is an open door here.
Your bat misses the adder. The adder closely misses your bat.
Your bat barely misses the adder.
Your bat misses the adder. Your bat hits the adder.
Casting: Summon Small Mammal (safe; 6% risk of failure)
Press: ? - help, Q - select action Dir - look around, f - activate Your bat disappears in a puff of smoke!
Your bat hits the adder.
Your bat closely misses the adder.
Casting: Summon Small Mammal (safe; 6% risk of failure)
Press: ? - help, Q - select action Dir - look around, f - activate You miscast Summon Small Mammal.
You are very lightly contaminated with residual magic.
Nothing appears to happen.
Your bat hits the adder. The adder barely misses your bat. The adder bites you.
Your bat closely misses the adder.
The adder barely misses your bat.
You hit the adder.
The adder is moderately wounded.
Your bat hits the adder but does no damage. x2
The adder misses you. The adder closely misses your bat.
Your rat barely misses the adder.
The adder barely misses you.
You closely miss the adder.
The adder is moderately wounded.
Your bat barely misses the adder.
The adder misses you.
Your rat completely misses the adder.
You closely miss the adder.
The adder is moderately wounded.
Your bat hits the adder but does no damage.
The adder barely misses you.
Your bat closely misses the adder.
The adder barely misses your bat.
Your rat completely misses the adder.
You hit the adder but do no damage.
The adder is moderately wounded.
Your bat closely misses the adder.
Your bat barely misses the adder.
The adder misses you.
Your bat misses the adder. The adder bites your bat.
Your bat dies!
Your bat's corpse disappears in a puff of smoke!
Your rat closely misses the adder.
Casting: Summon Small Mammal (safe; 6% risk of failure)
Press: ? - help, Q - select action Dir - look around, f - activate You miscast Summon Small Mammal.
Nothing appears to happen.
The adder misses you. The adder bites you.
* * * LOW HITPOINT WARNING * * *
Your rat misses the adder. You hit the adder but do no damage.
The adder is moderately wounded.
The adder bites your rat.
Your rat dies!
Your rat's corpse disappears in a puff of smoke!
The adder barely misses you.
Found a stone staircase leading up.
The adder attacks as you move away! The adder barely misses you.
The adder attacks as you move away! The adder misses you. The adder bites you.
* * * LOW HITPOINT WARNING * * *
The adder bites you.
* * * LOW HITPOINT WARNING * * *
You hit the adder but do no damage.
The adder is moderately wounded.
The adder closely misses you.
You barely miss the adder.
The adder is moderately wounded.
The adder closely misses you.
Your magical contamination has completely faded away.
You hit the adder but do no damage.
The adder is moderately wounded.
The adder barely misses you.
You closely miss the adder.
The adder is moderately wounded.
The adder completely misses you. The adder closely misses you.
You hit the adder but do no damage.
The adder is lightly wounded.
The adder bites you.
* * * LOW HITPOINT WARNING * * *
Casting: Summon Small Mammal (safe; 6% risk of failure)
Press: ? - help, Q - select action Dir - look around, f - activate The adder bites you.
* * * LOW HITPOINT WARNING * * *
The adder closely misses you.
You swap places.
The adder bites your rat but does no damage.
Your rat closely misses the adder.
The adder closely misses your rat.
Your rat completely misses the adder.
There is an open door here.
There's a creature in the doorway!
Something bites your rat.
Your rat dies!
Your rat's corpse disappears in a puff of smoke!
The adder bites you.
* * * LOW HITPOINT WARNING * * *
The adder attacks as you move away! The adder barely misses you.
The adder attacks as you move away! The adder bites you but does no damage.
The adder attacks as you move away! The adder bites you.
* * * LOW HITPOINT WARNING * * *
The adder closely misses you. The adder attacks as you move away!
The adder bites you but does no damage. The adder barely misses you.
The adder attacks as you move away! The adder barely misses you.
A quokka comes into view.
Casting: Summon Small Mammal (safe; 6% risk of failure)
Press: ? - help, Q - select action Dir - look around, f - activate The adder bites you.
You die...

....?..# ...... #
.......# .... .
#....#
#.###r<#.##...
#.............
##### #@#
#...####S###
#####.......S..#
#.............[#
#.###..........#
##.....#'####..####
#.........SS......#
##.###..#####..##.#
#......# #..# #


You could see 2 adders and a friendly rat (summoned).

Vanquished Creatures (collateral kills)
  A goblin (D:2)
1 creature vanquished.

Notes
Turn   | Place    | Note
-------+----------+-------------------------------------------
     0 | D:1      | browni3141 the Mummy Summoner began the quest for the Orb.
     0 | D:1      | Reached XP level 1. HP: 13/13 MP: 4/4
    79 | D:2      | Slain by an adder

Illustrated notes

Levels and vault maps discovered:
D:1:      dpeg_arrival_lava_temple_mockup, layout_rooms
D:2:      layout_basic, grunt_ministairs_14, kennysheep_donut,
          minmay_misc_feat_doors

Action                     || total
---------------------------++-------
  Melee: Dagger            ||    10
         Unarmed           ||     1
   Cast: Summon Small Mamm ||     8
 Armour: Robe              ||     3
  Dodge: Dodged            ||    20
